 Dungeon Sprint DCSS version 0.23.2-11-gf996548c65 (webtiles) character file.

Game seed: 9271955898733544575

11407 wilfster70 the Imperceptible (level 11, -7/52 HPs)
             Began as a Spriggan Enchanter on June 6, 2019.
             Was an Initiate of Gozag.
             Mangled by an unseen horror (9 damage)
             ... in the Dungeon (Sprint I: "Red Sonja").
             The game lasted 00:14:48 (1554 turns).

wilfster70 the Imperceptible (Spriggan Enchanter)   Turns: 1554, Time: 00:14:49

Health: -7/52      AC:  3    Str:  4    XL:     11   Next: 48%
Magic:  17/29      EV: 18    Int: 17    God:    Gozag
Gold:   1960       SH:  0    Dex: 20    Spells: 26/37 levels left

rFire    . . .     SeeInvis +   a - +1 dagger
rCold    . . .     Gourm    .   (shield restricted)
rNeg     . . .     Faith    .   q - +1 robe "Facinn" {Stlth+}
rPois    .         Spirit   .   (helmet restricted)
rElec    .         Reflect  .   (no cloak)
rCorr    .         Harm     .   (gloves unavailable)
MR       +....     NoTele   +   (boots unavailable)
Stlth    ++++......             (no amulet)
HPRegen  0.17/turn              i - ring of flight (curse)
MPRegen  0.21/turn              (no ring)

@: gold aura, glowing, very quick
A: very small, unfitting armour, see invisible, herbivore, speed 3, slow
metabolism 2
a: Potion Petition, Call Merchant, Bribe Branch, Renounce Religion, Evoke Flight


You were in the Dungeon.
You worshipped Gozag.
Gozag was most pleased with you.
You were not hungry.

You visited 1 branch You collected 4873 gold pieces.
You spent 870 gold pieces at shops.
You paid 2043 gold pieces to Gozag.

Inventory:

Hand Weapons
 a - a +1 dagger (weapon)
 b - the +10 demon blade "Taycot" {drain, rF++ rN+ MR+ Dex-4, unknown}
   (You bought it in a shop in the Dungeon)

   A truly terrible weapon, it drains the life of those it strikes.
   It affects your dexterity (-4).
   It greatly protects you from fire.
   It protects you from negative energy.
   It affects your resistance to hostile enchantments.
 l - a +0 blowgun
Missiles
 m - 10 curare-tipped needles
Armour
 q - the +1 robe "Facinn" (worn) {Stlth+}
   (You bought it in a shop in the Dungeon)

   It makes you more stealthy.
Jewellery
 i - a cursed ring of flight (left hand)
Wands
 c - a wand of polymorph (8)
Scrolls
 j - a scroll of blinking
 k - a scroll of identify
 p - a scroll of remove curse {unknown}
Potions
 e - a potion of curing
 g - a potion of haste
 h - 2 potions of magic
 n - a potion of ambrosia
 o - a potion of invisibility {unknown}
Comestibles
 d - a ration


   Skills:
 - Level 3.2 Fighting
 - Level 10.0 Short Blades
 - Level 3.0 Dodging
 * Level 25.0 Stealth
 + Level 13.7 Spellcasting
 * Level 18.4 Hexes
 + Level 3.1 Translocations


You had 26 spell levels left.
You knew the following spells:

 Your Spells              Type           Power        Failure   Level  Hunger
a - Corona                Hex            ######.      0%          1    None
b - Ensorcelled Hibernat  Hex/Ice        #####.       1%          2    None
c - Confuse               Hex            ######..     0%          3    None
d - Dazzling Spray        Conj/Hex       #####.       1%          3    None
e - Blink                 Tloc           N/A          2%          2    None

Your spell library contained the following spells:

 Spells                   Type           Power        Failure   Level  Hunger
 Slow                     Hex            ######..     0%          2    None
 Tukima's Dance           Hex            ######..     0%          3    None
 Fulminant Prism          Conj/Hex       #####.....   1%          4    #......
 Magic Dart               Conj           ##..         6%          1    None
 Call Imp                 Summ           ##......     9%          2    None
 Searing Ray              Conj           ##....       9%          2    None
 Conjure Flame            Conj/Fire      ##......     17%         3    None
 Mephitic Cloud           Conj/Pois/Air  ##......     17%         3    None
 Force Lance              Conj/Tloc      ###.....     30%         4    #......
 Iskenderun's Mystic Bla  Conj           ##......     50%         4    #......


Dungeon Overview and Level Annotations

Branches:
Dungeon (1/1)

Altars:
Cheibriados
Dithmenos
Elyvilon
Fedhas
Gozag
Hepliaklqana
Kikubaaqudgha
Makhleb
Nemelex Xobeh
Okawaru
Qazlal
Ru
Sif Muna
Trog
Uskayaw
Vehumet
Wu Jian
Xom
Yredelemnul
Zin
The Shining One
Jiyva
Lugonu

Shops:
D [!(:%[}=?!(=(:(*[*(


Innate Abilities, Weirdness & Mutations

You are very small and have problems with some larger weapons.
You are too small for most types of armour.
You have supernaturally acute eyesight. (SInv)
You are a herbivore.
You cover ground extremely quickly.
You need to consume almost no food.


Message History

The unseen horror struggles to resist.
The unseen horror hits you!
* * * LOW HITPOINT WARNING * * *
The unseen horror hits you.
* * * LOW HITPOINT WARNING * * *
The unseen horror hits you.
* * * LOW HITPOINT WARNING * * *
The unseen horror misses you. The unseen horror barely misses you.
Casting: Ensorcelled Hibernation (safe; 1% risk of failure)
Confirm with . or Enter, or press ? or * to list all spells.
Aiming: Ensorcelled Hibernation (safe; 1% risk of failure)
Press: ? - help, Shift-Dir - straight line, f/p - unseen horror
Aim: an unseen horror (slightly transparent, chance to defeat MR: 68%)
The unseen horror struggles to resist.
The unseen horror is no longer distracted by gold.
The unseen horror barely misses you.
The unseen horror becomes distracted by the nearby gold, dreaming of imaginary riches.
The unseen horror hits you!
You die...
Your body crumbles into a pile of gold. '..[#[.#§§§.'§.§§.§'..# $$$$ #...##'#§####§§§§.##..+ $$$$ #[..'..#.# ##.§.###### $$ $$ #####..'.# $###'# $[## $$$$$ $ #.§##+#### $ #.##$$$# $$$$

'..#.^. $
#§.###$# $
#.§#...°
$$$##.#A#$#
$ ##§###.9○
#..###$#
##.'.#°○°#
#@##..$#
.###.#^°##
#xx#+###
.∩##.#.○#
$$ ##x.$#
####§# $$ $
$###.#
..##§#


$$$$$$$$$ .# .§.§§# $$$$$$$$$ .# ####§# $$$$$$ +# $$$$$$ .§§#.# $$$ $$$$$ §§#§§#
$ You could see a daeva and 3 unseen horrors.

Vanquished Creatures
  2 centaur warriors (D)
  A hydra (D)
  Sonja (D)
  A deep troll (D)
  4 unseen horrors (D)
  A lindwurm (D)
  An oklob plant (D)
  2 kobold demonologists (D)
  4 demonic crawlers (D)
  A hornet (D)
  A slime creature (D)
  2 redbacks (D)
  Sigmund (D)
  A yak (D)
  13 hogs (D)
  3 floating eyes (D)
  7 necrophages (D)
  An ogre (D)
  8 jellies (D)
  Ijyb (D)
56 creatures vanquished.

Vanquished Creatures (others)
  A gargoyle (D)
1 creature vanquished.

Grand Total: 57 creatures vanquished

Notes
Turn   | Place    | Note
-------+----------+-------------------------------------------
     0 | D        | wilfster70 the Spriggan Enchanter began the quest for the
                  | Orb.
     0 | D        | Reached XP level 1. HP: 9/9 MP: 5/5
     1 | D        | Noticed Ijyb
    19 | D        | Killed Ijyb
    19 | D        | Reached skill level 10 in Stealth
    19 | D        | Reached XP level 2. HP: 10/13 MP: 6/6
   156 | D        | Learned a level 2 spell: Ensorcelled Hibernation
   156 | D        | Noticed an ogre
   159 | D        | Killed an ogre
   159 | D        | Reached skill level 14 in Stealth
   159 | D        | Reached XP level 3. HP: 16/16 MP: 8/8
   159 | D        | Reached XP level 4. HP: 21/21 MP: 9/9
   169 | D        | Noticed Sigmund
   172 | D        | Killed Sigmund
   172 | D        | Reached skill level 18 in Stealth
   172 | D        | Reached XP level 5. HP: 24/24 MP: 10/10
   185 | D        | Found a deep blue altar of Sif Muna.
   186 | D        | Found an ornate altar of the Wu Jian Council.
   187 | D        | Found a radiant altar of Vehumet.
   191 | D        | Reached XP level 6. HP: 28/28 MP: 11/11
   214 | D        | Found Vofricos's Antique Armour Emporium.
   214 | D        | Found an ancient bone altar of Kikubaaqudgha.
   214 | D        | Found a hazy altar of Hepliaklqana.
   214 | D        | Found a hide-covered altar of Uskayaw.
   214 | D        | Found a basalt altar of Yredelemnul.
   214 | D        | Found an opulent altar of Gozag.
   214 | D        | Found a snail-covered altar of Cheibriados.
   214 | D        | Found a sacrificial altar of Ru.
   214 | D        | Found a shadowy altar of Dithmenos.
   214 | D        | Noticed a yak
   215 | D        | Found a stormy altar of Qazlal.
   215 | D        | Found a blossoming altar of Fedhas.
   215 | D        | Found a bloodstained altar of Trog.
   215 | D        | Found an iron altar of Okawaru.
   215 | D        | Found a glowing golden altar of the Shining One.
   215 | D        | Found a glowing silver altar of Zin.
   215 | D        | Found a white marble altar of Elyvilon.
   216 | D        | Killed a yak
   217 | D        | Found a sparkling altar of Nemelex Xobeh.
   224 | D        | Became a worshipper of Gozag Ym Sagoz the Greedy
   230 | D        | Noticed Sonja
   234 | D        | Killed Sonja
   234 | D        | Reached skill level 19 in Stealth
   234 | D        | Reached skill level 10 in Hexes
   234 | D        | Reached XP level 7. HP: 32/32 MP: 12/18
   234 | D        | Reached XP level 8. HP: 36/36 MP: 12/19
   278 | D        | Noticed a deep troll
   306 | D        | Killed a deep troll
   339 | D        | Found Kamneev's Armour Emporium.
   456 | D        | Noticed a centaur warrior
   458 | D        | Noticed a centaur warrior
   461 | D        | Killed a centaur warrior
   461 | D        | Reached skill level 20 in Stealth
   461 | D        | Reached XP level 9. HP: 39/39 MP: 19/23
   463 | D        | Killed a centaur warrior
   463 | D        | Reached skill level 10 in Spellcasting
   513 | D        | Noticed an oklob plant
   515 | D        | Killed an oklob plant
   515 | D        | Reached skill level 21 in Stealth
   552 | D        | Noticed an unseen horror
   553 | D        | Noticed an unseen horror
   559 | D        | Killed an unseen horror
   559 | D        | Reached skill level 10 in Short Blades
   559 | D        | Reached XP level 10. HP: 44/44 MP: 24/26
   561 | D        | Killed an unseen horror
   561 | D        | Reached skill level 22 in Stealth
   561 | D        | Reached skill level 15 in Hexes
   580 | D        | Killed a gargoyle
   633 | D        | Learned a level 3 spell: Confuse
   675 | D        | Found Biammula's Antique Weapon Boutique.
   676 | D        | Found Ceevump's General Store.
   677 | D        | Found Omeotiot's Assorted Antiques.
   823 | D        | Found Agaihaa's Book Boutique.
   823 | D        | Found Mubbem's Jewellery Shoppe.
   823 | D        | Found Xaodu's Antique Weapon Shop.
   823 | D        | Found Weliem's Distillery.
   823 | D        | Found Aplus's Magic Scroll Boutique.
   823 | D        | Found Fido's Jewellery Shoppe.
   823 | D        | Found Ureutaogg's Gadget Shop.
   827 | D        | Found Tutye's Food Emporium.
   828 | D        | Found Cuuluis's Book Boutique.
   828 | D        | Found Xaets's Antique Weapon Shoppe.
   829 | D        | Found Tadyhen's Distillery.
   874 | D        | Found a viscous altar of Jiyva.
   874 | D        | Found a corrupted altar of Lugonu.
   878 | D        | Found a burning altar of Makhleb.
   878 | D        | Found a shimmering altar of Xom.
   885 | D        | Bought the +1 robe "Facinn" {Stlth+} for 170 gold pieces
   919 | D        | Reached skill level 23 in Stealth
   920 | D        | Noticed a smoke demon
  1212 | D        | Learned a level 3 spell: Dazzling Spray
  1245 | D        | Noticed a lindwurm
  1247 | D        | Killed a lindwurm
  1247 | D        | Reached skill level 1 in Fighting
  1247 | D        | Reached XP level 11. HP: 49/49 MP: 28/28
  1275 | D        | Reached skill level 24 in Stealth
  1347 | D        | Noticed a 12-headed hydra
  1349 | D        | Killed a 12-headed hydra
  1368 | D        | Bought a fine demon blade for 500 gold pieces
  1451 | D        | Bought a book of Minor Magic for 200 gold pieces
  1454 | D        | Learned a level 2 spell: Blink
  1536 | D        | Identified the cursed +0 large shield of the Lizard {Dex+4}
  1536 | D        | Noticed a daeva
  1539 | D        | Noticed an unseen horror
  1539 | D        | Noticed an unseen horror
  1539 | D        | Noticed an unseen horror
  1540 | D        | Noticed an unseen horror
  1542 | D        | Noticed an unseen horror
  1544 | D        | Killed an unseen horror
  1546 | D        | HP: 1/52 [unseen horror (6)]
  1550 | D        | Killed an unseen horror
  1550 | D        | Reached skill level 25 in Stealth
  1552 | D        | HP: 1/52 [unseen horror (6)]
  1554 | D        | Mangled by an unseen horror

Skill      XL: |  1  2  3  4  5  6  7  8  9 10 11 |
---------------+----------------------------------+-----
Stealth        | 10 14 18 19 20 21 23 25 | 25.0
Spellcasting   | 3 7 9 11 12 13 | 13.7
Hexes          | 4 10 12 14 17 18 | 18.4
Short Blades   | 6 8 10 | 10.0
Fighting       | 1 3 |  3.2
Translocations | 3 |  3.1
Dodging        | |  3.0

Action                   |  1- 3 |  4- 6 |  7- 9 | 10-12 || total
-------------------------+-------+-------+-------+-------++-------
Melee: Dagger            |    16 |     4 |     8 |    70 ||    98
 Cast: Ensorcelled Hiber |       |       |     9 |    29 ||    38
       Confuse           |       |       |       |     8 ||     8
Invok: Call Merchant     |       |       |       |     3 ||     3
  Use: Potion            |     1 |       |       |     1 ||     2
       Scroll            |       |       |     1 |       ||     1
 Stab: Sleeping          |     1 |     4 |     8 |    36 ||    49
       Confused          |       |       |       |     5 ||     5
       Distracted        |       |       |       |     1 ||     1
Armor: Robe              |     2 |       |       |     4 ||     6
Dodge: Dodged            |     4 |       |     4 |    48 ||    56
